 Dungeon Crawl Stone Soup version 0.18.1-48-g4cf74bf (webtiles) character file.

46 Alarkh the Charmwright (level 3, 0/27 HPs)
             Began as a Vampire Skald on July 18, 2016.
             Slain by an adder (5 damage)
             ... on level 1 of the Dungeon.
             The game lasted 00:01:58 (972 turns).

Alarkh the Charmwright (Vampire Skald)               Turns: 972, Time: 00:01:59

Health: 0/27       AC:  3    Str: 11    XL:     3   Next: 44%
Magic:  0/6        EV: 11    Int: 15    God:    Xom [..*...]
Gold:   48         SH:  0    Dex: 13    Spells: 3 memorised, 1 level left

rFire  . . .     SeeInvis +     a - +0 falchion
rCold  + . .     Gourm    .     b - +0 leather armour
rNeg   + + .     Faith    .     (no shield)
rPois  +         Spirit   .     (no helmet)
rElec  .         Dismiss  .     (no cloak)
rCorr  .         Reflect  .     (no gloves)
SustAt .         Harm     .     (no boots)
MR     .....                    (no amulet)
Stlth  ++........               (no ring)
                                (no ring)

@: lethally poisoned (0 -> -7), infused, regenerating slowly, not resistant to
hostile enchantments, unstealthy
A: fangs 3, see invisible, unbreathing
a: Bat Form, Renounce Religion


You were on level 1 of the Dungeon.
You worshipped Xom.
You were a toy of Xom.
You were thirsty.

You visited 1 branch of the dungeon, and saw 2 of its levels.

You collected 48 gold pieces.

Inventory:

Hand Weapons
 a - a +0 falchion (weapon)
Armour
 b - a +0 leather armour (worn)
Scrolls
 f - a scroll of fog {unknown}
 h - a scroll of enchant armour {unknown}
 i - a scroll of recharging {unknown}
Potions
 d - 3 potions of blood
 e - a potion of flight {unknown}
 g - 2 potions of agility {unknown}
Books
 c - a book of Battle

   Spells                             Type                      Level
   a - Infusion                       Charms                       1
   b - Shroud of Golubria             Charms/Translocation         2
   c - Song of Slaying                Charms                       2
   d - Spectral Weapon                Hexes/Charms                 3
   e - Regeneration                   Charms/Necromancy            3


   Skills:
 - Level 1.7 Fighting
 * Level 3.1 Long Blades
 - Level 0.7 Armour
 - Level 1.1 Dodging
 + Level 1.2 Stealth
 + Level 2.5 Spellcasting
 + Level 3.5 Charms


You had one spell level left.
You knew the following spells:

 Your Spells              Type           Power        Failure   Level  Hunger
a - Infusion              Chrm           ##..         10%         1    #......
b - Shroud of Golubria    Chrm/Tloc      #.........   24%         2    ###....
e - Regeneration          Chrm/Necr      #.........   47%         3    ###....


Dungeon Overview and Level Annotations

Branches:
Dungeon (2/15)

Altars:
Xom


Innate Abilities, Weirdness & Mutations

You heal slowly.
You have razor-sharp teeth.
You have supernaturally acute eyesight.
You can survive without breathing.


Message History

Unknown command.
You hit the kobold.
You kill the kobold!
The adder bites you.
* * * LOW HITPOINT WARNING * * *
You hit the adder.
The adder is moderately wounded.
The adder bites you but does no damage.
You hit the adder.
The adder is almost dead.
The adder bites you.
* * * LOW HITPOINT WARNING * * *
You are lethally poisoned!
The adder poisons you! The adder barely misses you.
You hit the adder but do no damage.
The adder is almost dead.
* * * LOW HITPOINT WARNING * * *
You feel sick. The adder bites you.
You die... "Huh?
Did I miss anything?"

### ###########.#
#.........#.# #.#####.....#
#.# #.#.#.#####
#.#####...#.....#
#.....#########.#
############.###### #.# ##
#........r.#@.....####.#####.
#.....>...rS.................
#..........#...##.#)...#####.
#..........##..##.#.##.# #.
#..............##.#.########.
#..........###.##.#........#.
#..........###.##.#####....#.
#...รท........................
#..............########....#.


You could see an adder and a rat.

Vanquished Creatures
  2 adders
  An ooze (D:1)
  A dart slug (D:1)
  2 giant geckos
  3 bats
  A giant cockroach (D:1)
  3 goblins
  A hobgoblin (D:2)
  2 giant newts (D:1)
  4 kobolds
  2 rats (D:2)
22 creatures vanquished.

Notes
Turn   | Place    | Note
--------------------------------------------------------------
     0 | D:1      | Alarkh the Vampire Skald began the quest for the Orb.
     0 | D:1      | Reached XP level 1. HP: 16/16 MP: 3/3
   176 | D:1      | Found a shimmering altar of Xom.
   223 | D:1      | Became a worshipper of Xom the Begetter of Turbulence
   331 | D:1      | XOM: silly message
   380 | D:1      | XOM: harmless Chrm miscast
   621 | D:2      | Reached XP level 2. HP: 20/22 MP: 3/5
   668 | D:2      | Learned a level 2 spell: Shroud of Golubria
   762 | D:2      | XOM: harmless Trmt miscast
   785 | D:2      | XOM: harmless Hex miscast
   894 | D:1      | Reached XP level 3. HP: 17/27 MP: 2/6
   898 | D:1      | Reached skill level 1 in Stealth
   914 | D:1      | Learned a level 3 spell: Regeneration
   972 | D:1      | Slain by an adder

Skill      XL: |  1  2  3 |
---------------+----------+-----
Long Blades    | 3 |  3.1
Stealth        | 1 |  1.2
Fighting       | |  1.7
Armour         | |  0.7
Dodging        | |  1.1
Spellcasting   | |  2.5
Charms         | |  3.5

Action                   || total
-------------------------++-------
Melee: Falchion          ||    57
       Bite              ||     4
 Cast: Infusion          ||    12
       Regeneration      ||     1
Armor: Leather armour    ||    25
Dodge: Dodged            ||    49
